Selects Australian Defense Battlegroup
Selects Australian Light Infantry Section
Australian Light Infantry Section
Australian Light Infantry Section
Construct Field Infirmary
Construct Section Command Post
Construct Platoon Command Post
Unlock M3 Stuart Light Tanks
Selects 2-pounder Anti-tank Gun Team
2-pounder Anti-tank Gun Team
2-pounder Anti-tank Gun Team
Selects Vehicle Over Repair
Selects CMP 15cwt Supply Run
Selects Artillery Trip Wire Flares
Construct Company Command Post